 Dungeon Crawl Stone Soup version 0.29-a0-380-gf50f0a9fbc (webtiles) character file.

Game seed: 17367968453725411158

193 Antichthon the Skirmisher (level 6, -5/48 HPs)
             Began as a Formicid Abyssal Knight on May 5, 2022.
             Was a Priest of Lugonu.
             Slain by a gnoll
             ... wielding a +0 flail
             ... led by a gnoll shaman
              (8 damage)
             ... on level 3 of the Dungeon.
             The game lasted 00:03:22 (3292 turns).

Antichthon the Skirmisher (Formicid Abyssal Knight) Turns: 3292, Time: 00:03:23

Health: -5/48      AC: 10    Str: 17    XL:     6   Next: 3%
Magic:  8/8        EV:  7    Int: 10    God:    Lugonu [***...]
Gold:   142        SH:  0    Dex: 13    Spells: 5/5 levels left

rFire   . . .      SeeInvis +   a - +1 falchion
rCold   . . .      Faith    .   (no shield)
rNeg    . . .      Spirit   .   k - +0 chain mail
rPois   .          Reflect  .   (helmet unavailable)
rElec   .          Harm     .   n - +0 cloak
rCorr   .          Rampage  .   (no gloves)
Will    .....                   (no boots)
Stlth   ..........              (no amulet)
HPRegen 0.16/turn               (no ring)
MPRegen 0.11/turn               (no ring)

@: no status effects
A: permanent stasis, dig shafts and tunnels, antennae 3, four strong arms
a: Dig, Shaft Self, Renounce Religion, Depart the Abyss, Bend Space, Banish


You were on level 3 of the Dungeon.
You worshipped Lugonu.
Lugonu was most pleased with you.
You visited 1 branch of the dungeon, and saw 3 of its levels.
You visited the Abyss 1 time.

You collected 142 gold pieces.

Inventory:

Hand Weapons
 a - a +1 falchion (weapon)
Missiles
 h - a throwing net
Armour
 k - a +0 chain mail (worn)
 n - a +0 cloak (worn)
Jewellery
 c - a ring of protection from cold
Wands
 p - a wand of paralysis (4)
Scrolls
 b - a scroll of magic mapping
 f - a scroll of enchant armour
 i - a scroll of identify
 q - a scroll of teleportation {unknown}
Potions
 d - a potion of mutation {unknown}
 e - a potion of haste {unknown}
 g - a potion of heal wounds
 j - 2 potions of curing
 l - a potion of might {unknown}
 m - a potion of berserk rage {unknown}
 o - a potion of attraction {unknown}


   Skills:
 * Level 4.2 Fighting
 * Level 3.0 Long Blades
 * Level 1.1 Crossbows
 * Level 3.2 Armour
 * Level 1.3 Dodging
 * Level 1.4 Stealth
 * Level 1.1 Shields
 * Level 2.8 Invocations
 * Level 1.2 Evocations


You had 5 spell levels left.
You didn't know any spells.
Your spell library was empty.

Dungeon Overview and Level Annotations

Branches:
Dungeon (3/15)

Altars:
Sif Muna


Innate Abilities, Weirdness & Mutations

You cannot be hasted, slowed, berserked, paralysed or teleported.
You can dig through walls and to a lower floor.
You have a pair of large antennae on your head. (SInv)
Your four strong arms can wield two-handed weapons with a shield.


Message History

Unknown command.
You closely miss the gnoll.
The gnoll is lightly wounded.
The gnoll hits you with a +0 flail.
You hit the gnoll.
The gnoll is moderately wounded.
The gnoll hits you with a +0 flail.
You hit the gnoll.
The gnoll is moderately wounded.
The gnoll closely misses you. The gnoll hits you but does no damage.
You hit the gnoll but do no damage.
The gnoll is moderately wounded.
The gnoll closely misses you.
You hit the gnoll.
The gnoll is moderately wounded.
The gnoll hits you with a +0 flail!
* * * LOW HITPOINT WARNING * * *
You hit the gnoll.
The gnoll is almost dead.
The gnoll hits you with a +0 flail.
* * * LOW HITPOINT WARNING * * *
You closely miss the gnoll.
The gnoll is severely wounded.
The gnoll hits you but does no damage.
Unknown command.
Press: ? - help, v - describe, . - travel, g - get item
Here: a gnoll, wielding a +0 flail (severely wounded)
Items here: )) [ ††.
The floor, spattered with blood.
Unknown command.
Unknown command.
You closely miss the gnoll.
The gnoll is severely wounded.
The gnoll barely misses you.
You barely miss the gnoll.
The gnoll is severely wounded.
The gnoll hits you with a +0 flail.
* * * LOW HITPOINT WARNING * * *
The gnoll hits you with a +0 flail!
You die...

.......## #.#
.####.## #.#
...##.## #.#
...##..# #.###
.#.###.# #...#
#...##.# ###.#
.#.#.#.# #.#
.......# #.#
.#.#.#.# #@#
#...##.# #g#
##.###.# #[#
##.###.# #.#
.......# #.#
##.###......gg.).#
#.....###########
###### ...


You could see a gnoll.

Vanquished Creatures
  A gnoll shaman (D:3)
  An iguana (D:3)
  4 gnolls (D:3)
  6 adders
  A worm (D:2)
  A dart slug (D:1)
  2 orcs (D:3)
  4 endoplasms
  3 giant cockroaches
  6 hobgoblins
  3 kobolds
  3 quokkas
  2 ball pythons
  3 bats
  2 frilled lizards
  A goblin (D:1)
  4 rats
47 creatures vanquished.

Notes
Turn   | Place    | Note
-------+----------+-------------------------------------------
     0 | Abyss:1  | Antichthon the Formicid Abyssal Knight began the quest for
                  | the Orb.
     0 | Abyss:1  | Reached XP level 1. HP: 18/18 MP: 2/2
     3 | D:1      | Escaped the Abyss
   140 | D:1      | Reached skill level 1 in Dodging
   235 | D:1      | Reached XP level 2. HP: 11/24 MP: 3/3
  1306 | D:2      | Reached XP level 3. HP: 29/30 MP: 4/4
  1447 | D:2      | Reached skill level 4 in Fighting
  1456 | D:2      | Reached XP level 4. HP: 21/37 MP: 5/5
  2318 | D:3      | Reached skill level 1 in Stealth
  2542 | D:3      | Reached XP level 5. HP: 42/42 MP: 7/7
  2572 | D:3      | Reached *** piety under Lugonu
  2770 | D:3      | Found a shimmering blue altar of Sif Muna.
  2858 | D:3      | Reached skill level 1 in Crossbows
  2858 | D:3      | Reached skill level 1 in Shields
  2858 | D:3      | Reached skill level 1 in Evocations
  3273 | D:3      | Reached XP level 6. HP: 30/48 MP: 8/8
  3292 | D:3      | Slain by a gnoll

Illustrated notes

Levels and vault maps discovered:
D:1:      psy_arrival_whirlpool, layout_loops_ring, serial_aquarium,
          aquarium_bridge_straight [aquarium_subvault_bridge,
          aquarium_subvault_balcony, aquarium_subvault_bridge,
          aquarium_subvault_wall], aquarium_window_1, aquarium_window_fake,
          aquarium_window_fake, aquarium_window_2, aquarium_view_2d,
          aquarium_view_2f, minmay_misc_feat_five
D:2:      layout_basic
D:3:      layout_loops_ring, lemuel_blue_sif_altar

Skill      XL: |  1  2  3  4  5 |
---------------+----------------+-----
Dodging        | 1 |  1.3
Fighting       | 4 |  4.2
Stealth        | 1 |  1.4
Crossbows      | 1 |  1.1
Shields        | 1 |  1.1
Evocations     | 1 |  1.2
Armour         | 3 |  3.2
Long Blades    | 3 |  3.0
Invocations    | |  2.8

Action                   |  1- 3 |  4- 6 || total
-------------------------+-------+-------++-------
Melee: Falchion          |    64 |   137 ||   201
       Punch             |     1 |     2 ||     3
  Use: Scroll            |       |     6 ||     6
       Potion            |       |     1 ||     1
 Stab: Sleeping          |     1 |       ||     1
Armor: Leather armour    |     8 |       ||     8
       Chain mail        |    37 |    76 ||   113
Dodge: Dodged            |    33 |    68 ||   101

Table legend: (Time is in decaauts)
 A = Elapsed time spent in this place.
 B = Non-inter-level travel time spent in this place.
 C = Inter-level travel time spent in this place.
 D = Time resting spent in this place.
 E = Time spent auto-exploring this place.
 F = Levels seen in this place.
 G = Mean time per level.
                   A        B        C        D        E       F      G
               +--------+--------+--------+--------+--------+-----+--------+
         Total |   3330 |   3246 |     84 |    152 |   2530 |   4 |  832.5 |
       Dungeon |   3327 |   3243 |     84 |    152 |   2530 |   3 | 1109.0 |
         Abyss |      3 |      3 |      0 |      0 |      0 |   1 |    3.0 |
               +--------+--------+--------+--------+--------+-----+--------+

Top non-repeatable levels by time:
     D:3: 1223 daAuts
     D:1: 1126 daAuts
     D:2: 977 daAuts
 Abyss:1: 3 daAuts
